 Dungeon Crawl Stone Soup version 0.28-a0-1524-ge72afd5fc6 (webtiles) character file.

Game seed: 14484260241658232041

284 shadowrider38 the Poker (level 6, 0/51 HPs)
             Began as a Merfolk Fighter on Jan 17, 2022.
             Succumbed to an adder's poison
             ... on level 3 of the Dungeon.
             The game lasted 00:02:43 (3198 turns).

shadowrider38 the Poker (Merfolk Fighter)           Turns: 3198, Time: 00:02:43

Health: 0/51       AC:  0    Str: 19    XL:     6   Next: 29%
Magic:  6/6        EV: 13    Int:  7    God:
Gold:   136        SH:  0    Dex: 13    Spells: 5/5 levels left

rFire   . . .      SeeInvis .   (weapon currently unavailable)
rCold   . . .      Faith    .   (shield currently unavailable)
rNeg    . . .      Spirit   .   (armour currently unavailable)
rPois   .          Reflect  .   (helmet currently unavailable)
rElec   .          Harm     .   (cloak currently unavailable)
rCorr   .          Rampage  .   (gloves currently unavailable)
Will    .....                   (boots currently unavailable)
Stlth   +.........              (no amulet)
HPRegen 0.17/turn               (ring currently unavailable)
MPRegen 0.10/turn               (ring currently unavailable)

@: lethally poisoned (0 -> -3), pig-form (expiring), very quick
A: fast, no casting, small, (nimble swimmer 2), (mertail)
a: no special abilities


You were on level 3 of the Dungeon.
You were a filthy swine.
You visited 1 branch of the dungeon, and saw 3 of its levels.

You collected 136 gold pieces.

Inventory:

Hand Weapons
 a - a +0 trident (melded)
Armour
 c - a +0 buckler (melded)
 l - a +0 pair of boots (melded)
 m - a +0 chain mail (melded)
Scrolls
 b - a scroll of holy word {unknown}
 f - 4 scrolls of vulnerability {unknown}
 j - a scroll of torment {unknown}
 k - a scroll of identify {unknown}
 n - a scroll of teleportation {unknown}
Potions
 d - 2 potions of might
 e - a potion of resistance {unknown}
 g - a potion of flight {unknown}
 h - a potion of lignification {unknown}
 i - a potion of heal wounds


   Skills:
 + Level 5.0 Fighting
 * Level 7.8 Polearms
 - Level 2.1 Armour
 - Level 3.0 Shields


You had 5 spell levels left.
You didn't know any spells.
Your spell library was empty.

Dungeon Overview and Level Annotations

Branches:
Dungeon (3/15)

Altars:

Shops:
D:2 (


Innate Abilities, Weirdness & Mutations

You are a filthy swine.
You move quickly.
Your equipment is almost entirely melded.
You are incapable of wielding weapons or throwing items.
You cannot cast spells.
((You are very nimble when in or above water. (Stealth+, EV+, Speed+++)))
((Your lower body shifts to a powerful aquatic tail in water.))


Message History

It was a potion of heal wounds.
You feel much better.
You feel sick. The quokka misses you. The frilled lizard misses you.
The adder barely misses you. The quokka closely misses you.
You barely miss the adder.
The adder is moderately wounded.
Your transformation is almost over.
You feel sick. The frilled lizard closely misses you. The adder bites you.
The quokka misses you.
You closely miss the adder.
The adder is moderately wounded.
You feel sick. The frilled lizard bites you. The adder barely misses you.
The quokka bites you.
You miss the adder.
The adder is moderately wounded.
The adder barely misses you. The frilled lizard barely misses you.
The quokka splashes around in the water.
You miss the adder.
The adder is moderately wounded.
You feel sick. The adder bites you. The frilled lizard bites you.
* * * LOW HITPOINT WARNING * * *
The quokka splashes around in the water.
The adder bites you.
* * * LOW HITPOINT WARNING * * *
You hit the adder.
The adder is moderately wounded.
You feel sick. The quokka misses you. The frilled lizard closely misses you.
The adder bites you.
* * * LOW HITPOINT WARNING * * *
You are more poisoned.
The adder poisons you!
Unknown command.
You barely miss the adder.
The adder is moderately wounded.
You feel sick. The quokka bites you.
* * * LOW HITPOINT WARNING * * *
The adder closely misses you. The frilled lizard closely misses you.
Unknown command.
You hit the adder but do no damage.
The adder is moderately wounded.
You die...

...........†.. ..
#####...###..) #. #...#
###) #. #.#.# #. #.
#...# #. .#####. ###
#...# ##.
.......###.####...####..
.#....S).............#..
......lh.............#..
...≈≈≈r..............#..
..⌠≈≈≈≈.....##>.........
...≈≈≈≈....###.....###.#
#............†....#.##.#
##....$........#.#.###..
##.##.##.#####...## ###
#. #. #.# ####.#### # #
.. .# #...†...#


You could see an adder, a quokka and a frilled lizard.

Vanquished Creatures
  An ogre (D:2)
  2 jellies (D:3)
  Ijyb (D:3)
  4 adders
  A worm (D:3)
  5 orcs (D:3)
  11 endoplasms
  3 giant cockroaches
  8 goblins
  4 hobgoblins
  11 kobolds
  8 ball pythons
  6 bats
  7 frilled lizards
  6 rats
78 creatures vanquished.

Vanquished Creatures (others)
  4 fungi (D:3)
  10 toadstools (D:3)
14 creatures vanquished.

Grand Total: 92 creatures vanquished

Notes
Turn   | Place    | Note
-------+----------+-------------------------------------------
     0 | D:1      | shadowrider38 the Merfolk Fighter began the quest for the
                  | Orb.
     0 | D:1      | Reached XP level 1. HP: 18/18 MP: 1/1
    47 | D:1      | Reached XP level 2. HP: 16/24 MP: 2/2
   209 | D:1      | Reached skill level 4 in Polearms
   665 | D:1      | Reached XP level 3. HP: 25/30 MP: 3/3
  1190 | D:2      | Reached skill level 5 in Polearms
  1444 | D:2      | Found Ceselirr's Weapon Shop.
  1471 | D:2      | Reached XP level 4. HP: 32/37 MP: 4/4
  1963 | D:2      | Found a faded altar of an unknown god.
  2269 | D:3      | Noticed an ogre
  2292 | D:2      | Killed an ogre
  2293 | D:2      | Reached skill level 6 in Polearms
  2293 | D:2      | Reached XP level 5. HP: 7/43 MP: 5/5
  2728 | D:3      | Reached skill level 7 in Polearms
  2731 | D:3      | Reached XP level 6. HP: 24/50 MP: 6/6
  3165 | D:3      | Reached skill level 5 in Fighting
  3176 | D:3      | Noticed Ijyb
  3188 | D:3      | Killed Ijyb
  3197 | D:3      | HP: 1/51 [quokka (5)]
  3198 | D:3      | Succumbed to an adder's poison

Illustrated notes

Levels and vault maps discovered:
D:1:      dpeg_arrival_pits, layout_basic, chequers_serial_rivers_micro_d
D:2:      layout_basic, serial_shops, nicolae_shop_bloodbath_and_beyond,
          ebering_ecumenical_altar_sacrificial, minmay_cupped
D:3:      cheibrodos_fertilizer, layout_loops_cross, serial_park_tiny_pond,
          minmay_surrounded, uniq_natasha, uniq_ijyb

Skill      XL: |  1  2  3  4  5  6 |
---------------+-------------------+-----
Polearms       | 4 5 6 7 |  7.8
Fighting       | 4 5 |  5.0
Armour         | |  2.1
Shields        | |  3.0

Action                   |  1- 3 |  4- 6 || total
-------------------------+-------+-------++-------
Melee: Trident           |   120 |   128 ||   248
       Unarmed           |       |    14 ||    14
  Use: Potion            |       |     1 ||     1
Armor: Scale mail        |    37 |    13 ||    50
       Chain mail        |       |    36 ||    36
Dodge: Dodged            |    45 |    52 ||    97
Block: Buckler           |    23 |    16 ||    39

Table legend: (Time is in decaauts)
 A = Elapsed time spent in this place.
 B = Non-inter-level travel time spent in this place.
 C = Inter-level travel time spent in this place.
 D = Time resting spent in this place.
 E = Time spent auto-exploring this place.
 F = Levels seen in this place.
 G = Mean time per level.
                   A        B        C        D        E       F      G
               +--------+--------+--------+--------+--------+-----+--------+
         Total |   3210 |   3118 |     92 |    683 |   1941 |   3 | 1070.0 |
       Dungeon |   3210 |   3118 |     92 |    683 |   1941 |   3 | 1070.0 |
               +--------+--------+--------+--------+--------+-----+--------+

Top non-repeatable levels by time:
     D:2: 1447 daAuts
     D:1: 1093 daAuts
     D:3: 669 daAuts
